[Event "Turkey IS Bank Super League 2017"]
[Site "Darica-Kocaeli"]
[Date "2017.08.04"]
[Round "10"]
[White "Nomin-Erdene, Davaademberel"]
[Black "Arda, Cagil Irmak"]
[Result "1/2-1/2"]
[ECO "B19"]
[WhiteElo "2373"]
[BlackElo "2080"]
[Annotator "NA RC"]
[PlyCount "86"]
[EventType "team-tourn"]
[EventCountry "TUR"]
[SourceTitle "playchess.com"]
[Source "ChessBase"]
[SourceQuality "1"]
[TimeControl "40/5400+30:1800+30"]

1. e4 c6 2. d4 d5 3. Nc3 dxe4 4. Nxe4 Bf5 5. Ng3 Bg6 6. h4 h6 7. Nf3 e6 8. Ne5 Bh7 9. Bd3 Bxd3 10. Qxd3 Nd7 {[%emt 0:00:00] B19: Classical Caro-Kann: 4...Bf5 main line} 11. f4 {[%emt 0:02:30] LiveBook: 228 Games} Bb4+ (11... Be7 12. Bd2 Nxe5 13. fxe5 Bxh4 14. O-O-O Bxg3 15. Qxg3 Ne7 16. Bb4 Nf5 17. Qf4 g5 18. Qf2 {½-½ (43) Wei,Y (2706)-Giri,A (2773) Wijk aan Zee 2017}) 12. c3 Bd6 13. Qe2 Ngf6 14. Bd2 Qc7 15. O-O-O O-O 16. Nxd7 $146 ({Predecessor:} 16. Ne4 Nxe4 17. Qxe4 f5 18. Qe2 {0-1 (39) Jones,R (2414)-Kazhgaleyev,M (2573) Sydney 2015}) 16... Nxd7 17. Qf3 Nf6 18. Kb1 a5 19. Ne2 c5 ({Black should play} 19... h5 $1 $15) 20. g4 Qc6 21. Qxc6 bxc6 22. Rhg1 Ne4 23. Be3 c4 24. Ng3 Nxg3 25. Rxg3 a4 26. a3 Rab8 27. Ka2 Rb5 28. Rf3 h5 29. Rg1 (29. g5 $142) 29... g6 30. Rf2 ({Better is} 30. g5) 30... hxg4 31. Rxg4 Be7 (31... Rd5 $142 32. Rh2 Kg7) 32. Re2 Rh5 33. Bf2 Bf6 34. Kb1 Kg7 35. Be1 Rfh8 36. Rh2 Be7 37. Bg3 (37. Kc2 $17) 37... f5 38. Rg5 Bxg5 39. fxg5 Kf7 40. Kc2 Rd8 41. Be5 Rh7 42. Rh1 Rd5 43. Rh2 Rd8 $11 ({Better is} 43... c5 $19 44. Kd2 Ke8) 1/2-1/2

[Event "Turkey IS Bank Super League 2017"]
[Site "Darica-Kocaeli"]
[Date "2017.08.04"]
[Round "10"]
[White "Osmak, Iulija"]
[Black "Isgandarova, Khayala"]
[Result "1/2-1/2"]
[ECO "A48"]
[WhiteElo "2353"]
[BlackElo "2257"]
[Annotator "RC"]
[PlyCount "146"]
[EventType "team-tourn"]
[EventCountry "TUR"]
[SourceTitle "playchess.com"]
[Source "ChessBase"]
[SourceQuality "1"]
[TimeControl "40/5400+30:1800+30"]

1. d4 Nf6 2. Bf4 g6 3. e3 Bg7 4. Nf3 c5 5. c3 Qb6 6. Qb3 Qxb3 7. axb3 cxd4 8. exd4 d6 9. Na3 Nc6 10. Bb5 O-O 11. O-O Nd5 12. Bg3 Bg4 13. Nd2 Bh6 14. Bxc6 bxc6 15. Ndc4 Rfc8 16. b4 Bd7 17. Rfe1 f5 18. f3 f4 19. Bf2 Kf7 20. Nb1 Bf5 21. Nbd2 Bd3 22. Ra3 g5 23. h3 Bg7 24. Na5 h5 25. Ne4 Bh6 26. Raa1 g4 27. hxg4 hxg4 28. fxg4 Bxe4 29. Rxe4 Nf6 30. Re2 Nxg4 31. Nc4 Bg5 32. Ra5 Kg6 33. Nd2 Rh8 34. Nf3 Bf6 35. Ra6 Rh6 36. Rxc6 Rah8 37. g3 Rh1+ 38. Kg2 e5 39. dxe5 dxe5 40. gxf4 exf4 41. Bxa7 R1h3 42. Bf2 Nxf2 43. Kxf2 Kf5 44. b5 Bh4+ 45. Nxh4+ R8xh4 46. Ke1 Rd3 47. Rc5+ Kf6 48. Rce5 Rh1+ 49. Kf2 Rdh3 50. Re6+ Kf7 51. b6 f3 52. Re7+ Kf6 53. R2e6+ Kf5 54. Re5+ Kf4 55. Re4+ Kf5 56. R7e5+ Kf6 57. Re6+ Kf5 58. R6e5+ Kf6 59. Re8 R1h2+ 60. Ke3 f2+ 61. Ke2 f1=Q+ 62. Kxf1 Rxb2 63. R8e6+ Kf5 64. R4e5+ Kf4 65. Re2 Rb1+ 66. Kg2 Rg3+ 67. Kh2 Rxc3 68. Rf2+ Kg5 69. Ref6 Rcb3 70. Rf8 R1b2 71. Rg8+ Kh6 72. Rxb2 Rxb2+ 73. Kh3 Rxb6 1/2-1/2

[Event "Turkey IS Bank Super League 2017"]
[Site "Darica-Kocaeli"]
[Date "2017.08.04"]
[Round "10"]
[White "Yurtseven, Melih"]
[Black "Arat, Ufuk Sezen"]
[Result "0-1"]
[ECO "A05"]
[WhiteElo "2353"]
[BlackElo "2400"]
[Annotator "RC"]
[PlyCount "130"]
[EventType "team-tourn"]
[EventCountry "TUR"]
[SourceTitle "playchess.com"]
[Source "ChessBase"]
[SourceQuality "1"]
[TimeControl "40/5400+30:1800+30"]

1. Nf3 Nf6 2. g3 e6 3. Bg2 b5 4. O-O Bb7 5. d3 c5 6. e4 d6 7. a4 a6 8. Re1 Nbd7 9. c3 Be7 10. Nh4 Rb8 11. d4 O-O 12. b3 cxd4 13. cxd4 Rc8 14. axb5 axb5 15. Bd2 Ra8 16. Rxa8 Bxa8 17. d5 exd5 18. exd5 Re8 19. Bb4 Nc5 20. Bc3 Qd7 21. b4 Na4 22. Ba1 Nb6 23. Nc3 Bd8 24. Rf1 Nc4 25. Qd3 Bb7 26. h3 Bb6 27. Nf5 Bc8 28. g4 Ne5 29. Qxb5 Qc7 30. Na4 Ba7 31. Qa5 Qxa5 32. bxa5 Bxf5 33. gxf5 Nd3 34. Nb6 Nh5 35. Rd1 Nhf4 36. Bf1 Nc5 37. Bc3 Rb8 38. Bd2 Nh5 39. Rb1 Nf6 40. Bc4 Nfd7 41. Bf4 Bxb6 42. axb6 Rxb6 43. Rxb6 Nxb6 44. Be2 Ne4 45. Bh2 Nxd5 46. f3 Ng5 47. Bxd6 Nxh3+ 48. Kh2 Nhf4 49. Bc4 Ne3 50. Ba2 Ne2 51. f6 gxf6 52. Bc5 Nf5 53. Bb1 Nh4 54. Be4 f5 55. Bc6 Nf4 56. Kg3 Nhg6 57. Bd6 Ne2+ 58. Kf2 Nd4 59. Ba4 f4 60. Ba3 Ne5 61. Bd1 Nd3+ 62. Kg1 Kg7 63. Bd6 f6 64. Bb8 Nb2 65. Ba7 Nc6 0-1

[Event "Turkey IS Bank Super League 2017"]
[Site "Darica-Kocaeli"]
[Date "2017.08.04"]
[Round "10"]
[White "Unuk, Laura"]
[Black "Yildiz, Betul Cemre"]
[Result "1/2-1/2"]
[ECO "D27"]
[WhiteElo "2343"]
[BlackElo "2326"]
[Annotator "RC"]
[PlyCount "155"]
[EventType "team-tourn"]
[EventCountry "TUR"]
[SourceTitle "playchess.com"]
[Source "ChessBase"]
[SourceQuality "1"]
[TimeControl "40/5400+30:1800+30"]

1. d4 d5 2. c4 dxc4 3. e3 Nf6 4. Bxc4 e6 5. Nf3 a6 6. O-O c5 7. a4 Nc6 8. Qe2 Qc7 9. Rd1 Bd6 10. h3 b6 11. b3 Bb7 12. Bb2 cxd4 13. exd4 Nb4 14. Nbd2 Nbd5 15. Rac1 Qe7 16. g3 O-O 17. Ne5 Nb4 18. Qe1 Rac8 19. Bf1 Ba8 20. Ndc4 Qb7 21. f3 Be7 22. Bg2 b5 23. axb5 axb5 24. Ne3 Qb6 25. Kh2 Nbd5 26. N3g4 Rfd8 27. Qe2 Ne8 28. Nd7 Qa7 29. Nc5 Nd6 30. Ne5 Bf6 31. Ra1 Qe7 32. Rxa8 Rxa8 33. Nc6 Qe8 34. Nxd8 Rxd8 35. Ne4 Be7 36. Nxd6 Rxd6 37. f4 Bf6 38. Ra1 b4 39. Ra4 Be7 40. Ra7 Qb8 41. Ra5 Qd8 42. Qb5 Rb6 43. Qa4 Rb8 44. Ra7 Bf6 45. f5 Nc3 46. Bxc3 bxc3 47. fxe6 fxe6 48. Qc4 Qxd4 49. Qxe6+ Kh8 50. Rc7 Qd8 51. Rc6 Qg8 52. Qf5 Qd8 53. h4 Qd2 54. Kh3 Rd8 55. Rc7 Qh6 56. Rc8 g5 57. Qd7 Qf8 58. Rxd8 Qxd8 59. Qxd8+ Bxd8 60. Be4 gxh4 61. gxh4 h5 62. b4 Kg7 63. b5 Kf6 64. Kg3 Ke5 65. Bh7 Kd4 66. Kh3 Kc4 67. b6 Bxb6 68. Bc2 Kd4 69. Kg3 Ke3 70. Bg6 Bc7+ 71. Kh3 Bd8 72. Kg3 Kd2 73. Kh3 c2 74. Bxc2 Kxc2 75. Kg3 Kd3 76. Kh3 Ke4 77. Kg3 Bc7+ 78. Kh3 1/2-1/2

[Event "Turkey IS Bank Super League 2017"]
[Site "Darica-Kocaeli"]
[Date "2017.08.04"]
[Round "10"]
[White "Ozturk, Kubra"]
[Black "Kaplan, Ebru"]
[Result "1-0"]
[ECO "E90"]
[WhiteElo "2298"]
[BlackElo "2022"]
[Annotator "NA"]
[PlyCount "89"]
[EventType "team-tourn"]
[EventCountry "TUR"]
[SourceTitle "playchess.com"]
[Source "ChessBase"]
[SourceQuality "1"]
[TimeControl "40/5400+30:1800+30"]

1. d4 Nf6 2. c4 g6 3. Nc3 Bg7 4. e4 d6 5. h3 O-O 6. Be3 c5 7. Nf3 {[%emt 0:00:00] LiveBook: 56 Games} Nfd7 {[%emt 0:05:30] E90: King's Indian: Classical: Early deviations and 6 h3} (7... cxd4 $14 8. Nxd4 b6 9. g3 Bb7 10. Bg2 Nbd7 11. O-O Nc5 12. Qc2 Rc8 13. Rfd1 Qd7 14. a4 a5 15. Nd5 Qd8 16. Rd2 {1-0 (50) Matlakov,M (2714)-Kovalev,V (2629) Minsk 2017}) 8. Be2 Nc6 9. O-O a6 $146 (9... e5 $11 {keeps the balance.} 10. dxc5 dxc5) ({Predecessor:} 9... cxd4 10. Nxd4 a6 11. Nxc6 bxc6 12. Bd4 e5 13. Be3 Qe7 14. Qd2 Rd8 15. Bg5 {0-1 (57) Parreira,A (1914)-Pires,E (2054) Almada 2017}) 10. d5 Nce5 11. Nd2 Nf6 12. Qc2 Rb8 13. a4 Ne8 14. f4 Nd7 15. Nf3 Nc7 16. Rad1 b6 17. b3 Re8 18. Rd2 Rf8 19. Ng5 Ne8 20. Nd1 Nc7 21. Nf2 b5 22. Nd3 (22. e5 $14) 22... bxa4 23. bxa4 h6 24. Nf3 Nf6 {[%emt 0:04:14] [#]} 25. Nf2 $1 Nfe8 (25... Nh5 $142) 26. e5 Bf5 27. Bd3 Bxd3 28. Nxd3 a5 29. f5 gxf5 {[%emt 0:02:16] [#]} 30. exd6 (30. g4 $1 $18) 30... exd6 31. Nf4 (31. g3 $18) 31... Qd7 $2 (31... Nf6 $1 $14) 32. Nh4 Rb2 33. Qxf5 Qxf5 34. Nxf5 Rb4 35. Nh5 Rxc4 36. Nhxg7 Nxg7 37. Ne7+ ({Weaker is} 37. Nxd6 Rxa4 38. Bxh6 (38. Bxc5 Rd8 $18) 38... f5 $18) 37... Kh7 38. Rf6 $1 Nge8 39. Rxh6+ Kg7 40. Nf5+ Kg8 41. Rd3 f6 {[%emt 0:13:53] [#]} 42. Bxc5 $1 Nxd5 43. Bxd6 ({Less strong is} 43. Rxd5 dxc5 44. Rh5 Ng7 $16) 43... Nxd6 44. Rg3+ $18 ({Less strong is} 44. Rxd5 Nxf5 45. Rxf5 Rxa4 $16) 44... Kf7 45. Nxd6+ 1-0

[Event "Turkey IS Bank Super League 2017"]
[Site "Darica-Kocaeli"]
[Date "2017.08.04"]
[Round "10"]
[White "Karatekin, Tamer"]
[Black "Selbes, Tarik"]
[Result "0-1"]
[ECO "A26"]
[WhiteElo "2287"]
[BlackElo "2260"]
[Annotator "ChessBase"]
[PlyCount "72"]
[EventType "team-tourn"]
[EventCountry "TUR"]
[SourceTitle "playchess.com"]
[Source "ChessBase"]
[SourceQuality "1"]
[TimeControl "40/5400+30:1800+30"]

1. c4 Nf6 2. g3 g6 3. Bg2 Bg7 4. Nf3 O-O 5. Nc3 d6 6. O-O Nc6 7. Rb1 e5 8. d3 a5 9. a3 Nd4 10. Nxd4 exd4 11. Nb5 Ne8 12. e3 dxe3 13. Bxe3 c6 14. Nc3 Nf6 15. Qb3 Qe7 16. Rfe1 Be6 17. Bd4 Qd7 18. Na4 Ra6 19. Qc3 Nh5 20. c5 Bxd4 21. Qxd4 Rd8 22. Qc3 Ng7 23. cxd6 Qxd6 24. Nc5 Ra7 25. Rbd1 Qd4 26. Qc1 Bd5 27. Re7 Nf5 28. Rxb7 Rxb7 29. Nxb7 Rb8 30. Bxd5 cxd5 31. Qc7 Qa7 32. Re1 Rxb7 33. Qd8+ Kg7 34. Re8 Rxb2 35. Rg8+ Kh6 36. Qf8+ Kh5 0-1

[Event "Turkey IS Bank Super League 2017"]
[Site "Darica-Kocaeli"]
[Date "2017.08.04"]
[Round "10"]
[White "Buyukasik, Diyap"]
[Black "Topak, Engin"]
[Result "1/2-1/2"]
[ECO "E07"]
[WhiteElo "2285"]
[BlackElo "2192"]
[Annotator "ChessBase"]
[PlyCount "101"]
[EventType "team-tourn"]
[EventCountry "TUR"]
[SourceTitle "playchess.com"]
[Source "ChessBase"]
[SourceQuality "1"]
[TimeControl "40/5400+30:1800+30"]

1. Nf3 Nf6 2. g3 d5 3. Bg2 e6 4. O-O Nbd7 5. d4 Be7 6. c4 O-O 7. Nbd2 b6 8. cxd5 exd5 9. Ne5 Bb7 10. Ndf3 c5 11. Bf4 Ne4 12. Qa4 Nxe5 13. Nxe5 Qe8 14. Qxe8 Rfxe8 15. dxc5 bxc5 16. Bxe4 dxe4 17. Nc4 Ba6 18. b3 Red8 19. Rfd1 Rxd1+ 20. Rxd1 Rd8 21. Rxd8+ Bxd8 22. Bb8 Bxc4 23. bxc4 Bb6 24. g4 f6 25. Kf1 Kf7 26. Ke1 Ba5+ 27. Kd1 a6 28. Bd6 Bb4 29. Kc2 Ke6 30. Bf8 Kf7 31. Bd6 Ke6 32. Bf4 Be1 33. Be3 Kd6 34. f3 exf3 35. exf3 g6 36. Kd3 f5 37. h3 Bh4 38. Bf4+ Ke6 39. Be3 Kd6 40. Bh6 Bf2 41. Bg7 Kd7 42. Ke2 Bg1 43. Kf1 Be3 44. Kg2 Bf4 45. Bf8 Bd6 46. Bh6 Ke6 47. f4 Be7 48. Kg3 Kf7 49. h4 fxg4 50. Kxg4 Ke6 51. a3 1/2-1/2

[Event "Turkey IS Bank Super League 2017"]
[Site "Darica-Kocaeli"]
[Date "2017.08.04"]
[Round "10"]
[White "Tuna, Alp"]
[Black "Kamer, Kayra"]
[Result "1/2-1/2"]
[ECO "B41"]
[WhiteElo "2280"]
[BlackElo "2062"]
[Annotator "ChessBase"]
[PlyCount "213"]
[EventType "team-tourn"]
[EventCountry "TUR"]
[SourceTitle "playchess.com"]
[Source "ChessBase"]
[SourceQuality "1"]
[TimeControl "40/5400+30:1800+30"]

1. e4 c5 2. Nf3 e6 3. d4 cxd4 4. Nxd4 a6 5. c4 Nf6 6. Nc3 Qc7 7. a3 Nc6 8. Be2 Nxd4 9. Qxd4 Bc5 10. Qd3 d6 11. b4 Ba7 12. O-O O-O 13. Rd1 Ne8 14. Be3 Bxe3 15. Qxe3 b6 16. Rac1 Rb8 17. Rd2 Bb7 18. Rcd1 h6 19. e5 dxe5 20. Rd7 Qc8 21. Rd8 Qxd8 22. Rxd8 Rxd8 23. Qxb6 Rd7 24. c5 Bc8 25. Bxa6 Nc7 26. c6 Rd4 27. Qxc7 Bxa6 28. Qxe5 Rc4 29. h3 Rxc6 30. b5 Rxc3 31. Qxc3 Bxb5 32. Qb4 Bc6 33. a4 Bd5 34. a5 Rc8 35. Qb2 Rc4 36. Qa3 Rc2 37. Qd6 Ra2 38. a6 g6 39. a7 g5 40. Qb8+ Kg7 41. Qe5+ f6 42. Qc7+ Kg6 43. Qb8 Kg7 44. Qb6 h5 45. Qd4 h4 46. Kf1 Kf7 47. f3 Kg7 48. Ke1 Kf7 49. Kd1 Kg7 50. Kc1 Kg6 51. Kb1 Rxg2 52. Qxd5 exd5 53. a8=Q Rg3 54. Qg8+ Kh6 55. Qh8+ Kg6 56. Qg8+ Kh6 57. Qxd5 Rxh3 58. Qf5 Rh1+ 59. Kb2 Kg7 60. Qg4 h3 61. f4 h2 62. Qg2 Re1 63. Qxh2 gxf4 64. Qxf4 Re5 65. Kc3 Kg6 66. Qg4+ Rg5 67. Qe6 Re5 68. Qg8+ Kf5 69. Kd4 Ra5 70. Ke3 Rc5 71. Qh7+ Ke6 72. Qh3+ Ke7 73. Qh7+ Ke6 74. Ke4 Re5+ 75. Kf4 Rg5 76. Qh3+ Ke7 77. Qc8 Re5 78. Qc7+ Ke6 79. Qc6+ Ke7 80. Qb6 Rg5 81. Qc7+ Ke6 82. Qd8 Rf5+ 83. Ke4 Re5+ 84. Kd4 Kf7 85. Qd7+ Kg6 86. Qc7 Rg5 87. Qc2+ Kf7 88. Qh7+ Ke6 89. Qh8 Ke7 90. Ke4 Re5+ 91. Kf4 Rg5 92. Kf3 Rf5+ 93. Kg4 Rg5+ 94. Kf4 Kf7 95. Qh7+ Ke6 96. Qe4+ Re5 97. Qc6+ Ke7 98. Qc7+ Ke6 99. Qd8 Rf5+ 100. Ke4 Re5+ 101. Kd4 Kf7 102. Qd7+ Kg6 103. Qb7 Rg5 104. Qe4+ Kf7 105. Qf4 Re5 106. Qxe5 fxe5+ 107. Kxe5 1/2-1/2

[Event "Turkey IS Bank Super League 2017"]
[Site "Darica-Kocaeli"]
[Date "2017.08.04"]
[Round "10"]
[White "Samani, Yamac"]
[Black "Gundogan, Cem"]
[Result "1-0"]
[ECO "C03"]
[WhiteElo "2263"]
[BlackElo "2062"]
[Annotator "ChessBase"]
[PlyCount "107"]
[EventType "team-tourn"]
[EventCountry "TUR"]
[SourceTitle "playchess.com"]
[Source "ChessBase"]
[SourceQuality "1"]
[TimeControl "40/5400+30:1800+30"]

1. e4 e6 2. d4 d5 3. Nd2 g6 4. Ngf3 Bg7 5. Bd3 Ne7 6. O-O O-O 7. c3 b6 8. Re1 c5 9. e5 Nbc6 10. Nf1 cxd4 11. cxd4 f6 12. Bf4 fxe5 13. Bxe5 Nxe5 14. Nxe5 Nf5 15. Bxf5 Rxf5 16. Ne3 Rf8 17. Nf3 Qd6 18. Ng4 a5 19. Nge5 Ba6 20. Rc1 Rac8 21. Qd2 Bb5 22. a3 Rfe8 23. Rxc8 Rxc8 24. Rc1 Qf8 25. h4 Ba6 26. Rxc8 Qxc8 27. Qd1 Bf6 28. Qd2 Bg7 29. Qd1 Bf6 30. Qd2 Kg7 31. Ng4 Bd8 32. Nfe5 Qc7 33. g3 Bb5 34. Qe3 Be8 35. Nf3 Qd6 36. Qh6+ Kg8 37. Nge5 Qf8 38. Qe3 Kg7 39. Nd3 Qf6 40. Nf4 Bf7 41. Ng5 Be7 42. Ngxe6+ Kh8 43. Nxd5 Qxe6 44. Qxe6 Bxe6 45. Nxe7 Kg7 46. Nc6 Kf6 47. f3 g5 48. hxg5+ Kxg5 49. Kf2 Bd5 50. Ne5 b5 51. Ke3 h5 52. Nd3 Bc4 53. Ke4 h4 54. f4+ 1-0

[Event "Turkey IS Bank Super League 2017"]
[Site "Darica-Kocaeli"]
[Date "2017.08.04"]
[Round "10"]
[White "Yaran, Siar"]
[Black "Tofan, Ibrahim"]
[Result "1-0"]
[ECO "A02"]
[WhiteElo "2253"]
[BlackElo "2194"]
[Annotator "ChessBase"]
[PlyCount "83"]
[EventType "team-tourn"]
[EventCountry "TUR"]
[SourceTitle "playchess.com"]
[Source "ChessBase"]
[SourceQuality "1"]
[TimeControl "40/5400+30:1800+30"]

1. b3 b6 2. Bb2 Bb7 3. e3 Nf6 4. f4 d6 5. Nf3 Nbd7 6. Be2 g6 7. O-O Bg7 8. a4 a5 9. Na3 O-O 10. Nc4 Ne4 11. Bxg7 Kxg7 12. Qe1 e6 13. d3 Nec5 14. Qg3 Qe7 15. Nd4 f5 16. Rae1 Rae8 17. Bf3 Bxf3 18. Rxf3 Nf6 19. Rff1 Qd7 20. Nf3 Qc6 21. Nh4 Ncd7 22. Re2 Qc5 23. Rf3 b5 24. axb5 a4 25. bxa4 Ra8 26. a5 Qxb5 27. h3 d5 28. Ne5 Nxe5 29. fxe5 Ne4 30. dxe4 Qxe2 31. exf5 exf5 32. e6 Rae8 33. Nxf5+ Rxf5 34. Rxf5 Kg8 35. Rxd5 Rxe6 36. Rd8+ Kg7 37. Qxc7+ Kh6 38. Qf4+ g5 39. Qf8+ Kg6 40. Qg8+ Kf6 41. Rf8+ Ke5 42. Qg7+ 1-0

[Event "Turkey IS Bank Super League 2017"]
[Site "Darica-Kocaeli"]
[Date "2017.08.04"]
[Round "10"]
[White "Tasdogen, Dincer"]
[Black "Uzumcu, Ahmet Utku"]
[Result "1-0"]
[ECO "B23"]
[WhiteElo "2215"]
[BlackElo "2223"]
[Annotator "NA"]
[PlyCount "59"]
[EventType "team-tourn"]
[EventCountry "TUR"]
[SourceTitle "playchess.com"]
[Source "ChessBase"]
[SourceQuality "1"]
[TimeControl "40/5400+30:1800+30"]

1. e4 c5 2. Ne2 Nf6 3. Nbc3 d6 4. g3 g6 {[%emt 0:03:30] B23: Closed Sicilian: Lines without g3} 5. Bg2 Bg7 6. O-O O-O 7. d3 e5 8. f4 Nc6 9. h3 {[%emt 0:13:30] LiveBook: 9 Games} h6 (9... Nd4 10. f5 b5 11. Nxd4 cxd4 12. Ne2 d5 13. g4 dxe4 14. Ng3 Rb8 15. g5 e3 16. gxf6 Bxf6 {0-1 (29) Jobava,B (2707)-Carlsen,M (2832) Leuven 2017}) 10. f5 Nd4 {[%emt 0:04:30] [#]} 11. g4 $1 Bd7 12. Ng3 Nh7 $146 ({Find the theoretical novelty and annotate with similar games:} 12... Kh7 13. Nce2 g5 14. c3 Nxe2+ 15. Qxe2 Bc6 16. c4 {½-½ (43) Kraupfogel,M-Huber,A (2034) Graz 2004}) 13. Nd5 b5 14. c3 Nc6 15. Qf3 Ng5 $2 (15... Qh4 16. f6 Bh8) 16. Qf2 Re8 17. f6 (17. fxg6 $142 Rf8 18. gxf7+ Nxf7 19. Nf5) 17... Bf8 18. Bxg5 hxg5 19. Qd2 Bh6 20. h4 Bxg4 21. hxg5 Bf8 22. Kf2 Be6 23. Rh1 $18 Bxd5 24. exd5 e4 25. Bxe4 Ne5 26. Rh4 Bh6 27. Kg2 Bg7 28. fxg7 Kxg7 29. Rah1 Qd7 30. Qf4 1-0

[Event "Turkey IS Bank Super League 2017"]
[Site "Darica-Kocaeli"]
[Date "2017.08.04"]
[Round "10"]
[White "Kesgin, Halit Kaan"]
[Black "Akdogan, Alperen"]
[Result "1/2-1/2"]
[ECO "B01"]
[WhiteElo "2207"]
[BlackElo "2151"]
[Annotator "NA RC"]
[PlyCount "99"]
[EventType "team-tourn"]
[EventCountry "TUR"]
[SourceTitle "playchess.com"]
[Source "ChessBase"]
[SourceQuality "1"]
[TimeControl "40/5400+30:1800+30"]

1. e4 d5 2. exd5 Qxd5 3. Nc3 Qd6 4. d4 Nf6 5. Nf3 Bg4 6. h3 Bh5 {[%emt 0:00:00] B01: Scandinavian Defence} 7. g4 Bg6 8. Ne5 Nbd7 9. Nxg6 hxg6 10. Bg2 {[%emt 0:00:30] LiveBook: 12 Games} c6 11. Qd3 e6 12. Bd2 Qc7 $146 ({Predecessor:} 12... Nb6 13. O-O-O Nbd5 14. Ne2 {1-0 (39) Bologan,V (2640)-Kovalenko,I (2684) Tallinn 2016}) 13. O-O-O O-O-O 14. Ne2 e5 15. Qb3 Nb6 {[%emt 0:13:30] [#]} 16. dxe5 $1 Qxe5 17. Rhe1 Qc7 18. Bf4 Bd6 19. Rxd6 Rxd6 20. Qa3 $1 Rhd8 21. Qxa7 g5 22. Bg3 ({Reject} 22. Bxg5 Re6 $15) 22... Nfd5 23. Bxd5 (23. Be4 $5 g6 24. Qa3 $16) 23... Nxd5 24. Qa8+ Kd7 25. Bxd6 Rxa8 26. Bxc7 Kxc7 27. a3 b5 28. Nd4 Rh8 29. Nf3 f6 30. Rh1 (30. Nd4 $5 ) 30... Nf4 31. h4 gxh4 32. Rxh4 Rxh4 33. Nxh4 Nh3 34. f3 Ng1 $1 35. Nf5 Nxf3 ({Black should play} 35... g6 $1 $14 36. Nd4 Kb6) 36. Nxg7 Kd6 37. b3 Nh2 38. Nf5+ Kd5 39. Ne3+ Kd4 40. a4 bxa4 41. bxa4 Nf3 {[%emt 0:00:00] [#]} 42. Nf5+ (42. a5 $1 $16 Kc5 43. c4) 42... Kc5 43. c3 Ne5 44. Nh6 Kb6 45. Kc2 Ka5 46. Ng8 Nxg4 47. Kd3 Kxa4 48. Ke4 $11 Kb3 49. Kf4 Kxc3 50. Ke4 1/2-1/2

[Event "Turkey IS Bank Super League 2017"]
[Site "Darica-Kocaeli"]
[Date "2017.08.04"]
[Round "10"]
[White "Sevgi, Volkan"]
[Black "Apaydin, Fethi"]
[Result "1/2-1/2"]
[ECO "B23"]
[WhiteElo "2199"]
[BlackElo "2277"]
[Annotator "NA RC"]
[PlyCount "71"]
[EventType "team-tourn"]
[EventCountry "TUR"]
[SourceTitle "playchess.com"]
[Source "ChessBase"]
[SourceQuality "1"]
[TimeControl "40/5400+30:1800+30"]

1. e4 c5 2. Nc3 a6 3. g4 e6 4. d3 Ne7 5. Bg5 Qc7 6. Qd2 b5 7. Bg2 Bb7 8. Bf4 d6 9. Nge2 Nbc6 10. h4 Qd7 11. g5 Nd4 12. Nxd4 cxd4 13. Ne2 Nc6 14. Bg3 Be7 15. f4 O-O (15... Bd8 $11) 16. Bf2 e5 17. Bh3 Qc7 18. g6 $2 (18. a3 $11) 18... fxg6 19. Be6+ Kh8 20. h5 {[%emt 0:00:30] [#]} g5 $1 21. fxg5 Nd8 22. Bb3 {[%emt 0:00:30] [#]} Qd7 (22... d5 $1 $17 23. h6 (23. Bxd5 Bxd5) 23... g6 24. Bxd5 Bxd5 25. exd5 Nf7) 23. h6 {[%emt 0:00:30] [#]} (23. Nxd4 $1 $11 {was the only way to keep the balance.} d5 24. g6) 23... Ne6 $2 (23... g6 $1 $17 {keeps the pressure on.} 24. Nxd4 d5) 24. hxg7+ Kxg7 25. g6 h5 26. Rxh5 ({White should play} 26. Qd1 $16) 26... Rh8 27. Bxe6 Qxe6 28. Rxh8 $2 ({White should play} 28. Rh7+ $15 Rxh7 29. gxh7) 28... Rxh8 29. O-O-O Qxa2 30. c3 b4 31. Nxd4 {[%emt 0:01:33] [#]} Bc8 $1 32. Rg1 Qa1+ $2 33. Kc2 Qa4+ 34. Kc1 {[%emt 0:02:06] [#]} Qa1+ (34... b3 $1 $19 35. Kd1 Rh3 36. Nf5+ Bxf5 37. exf5 Rh2) 35. Kc2 Qa4+ 36. Kc1 $19 1/2-1/2

[Event "Turkey IS Bank Super League 2017"]
[Site "Darica-Kocaeli"]
[Date "2017.08.04"]
[Round "10"]
[White "Yazici, Ugur Doga"]
[Black "Bayyurt, Izge"]
[Result "1-0"]
[ECO "B01"]
[WhiteElo "2144"]
[BlackElo "1839"]
[Annotator "NA"]
[PlyCount "65"]
[EventType "team-tourn"]
[EventCountry "TUR"]
[SourceTitle "playchess.com"]
[Source "ChessBase"]
[SourceQuality "1"]
[TimeControl "40/5400+30:1800+30"]

1. e4 d5 2. exd5 Nf6 3. Bb5+ Bd7 4. Be2 Nxd5 5. d4 g6 6. c4 Nb6 7. Nc3 {[%emt 0:00:00] B01: Scandinavian Defence} Bg7 8. c5 Nc8 9. Nf3 O-O 10. O-O c6 11. h3 Be6 $146 ({Predecessor:} 11... Qc7 12. Be3 e6 13. Qd2 Be8 14. Bf4 Qe7 {1-0 (37) Marciano,D (2485)-Audin,G (1830) Issy les Moulineaux 1997}) 12. Be3 Nd7 13. Ng5 Bd5 14. Nxd5 cxd5 15. Qb3 e6 16. Qxb7 Rb8 17. Qa6 Rxb2 18. Rab1 Rxb1 ({Black should play} 18... Nb8 $14 19. Qd3 Rxb1 20. Rxb1 Nc6) 19. Rxb1 e5 20. c6 Ndb6 21. dxe5 Bxe5 22. Nf3 Bc7 23. Nd4 (23. a4 $18) 23... Qd6 24. g3 Re8 25. Bf4 Qf6 26. Bxc7 Qxd4 27. Bb8 ({Better is} 27. Bb5 $18) 27... Nc4 28. Rd1 Qc5 29. Bf3 d4 (29... Kg7 $142 30. a4 (30. Bxd5 Re2 $16) 30... Ne7 31. Bxa7 Qxc6 32. Bd4+ f6 33. Qxc6 Nxc6 34. Bxd5 Nxd4) 30. Rc1 N8b6 31. Bxa7 Qb4 32. c7 $18 d3 33. Bxb6 1-0

[Event "Turkey IS Bank Super League 2017"]
[Site "Darica-Kocaeli"]
[Date "2017.08.04"]
[Round "10"]
[White "Dolgun, Can"]
[Black "Bozbey, Ali"]
[Result "0-1"]
[ECO "B43"]
[WhiteElo "2104"]
[BlackElo "2139"]
[Annotator "ChessBase"]
[PlyCount "132"]
[EventType "team-tourn"]
[EventCountry "TUR"]
[SourceTitle "playchess.com"]
[Source "ChessBase"]
[SourceQuality "1"]
[TimeControl "40/5400+30:1800+30"]

1. e4 c5 2. Nf3 e6 3. d4 cxd4 4. Nxd4 a6 5. Bd3 Qc7 6. Nc3 Nf6 7. O-O Bd6 8. Kh1 Nc6 9. Nxc6 dxc6 10. f4 e5 11. f5 b5 12. Be3 Bb7 13. Bf2 Rd8 14. a4 Bb4 15. axb5 cxb5 16. Qf3 Bxc3 17. bxc3 Kf8 18. Rab1 Qxc3 19. Be1 Qc6 20. Bb4+ Kg8 21. Rfe1 h5 22. Rb3 h4 23. Rc3 Qd7 24. Ba5 Rc8 25. Rxc8+ Qxc8 26. c3 h3 27. g3 Rh5 28. Kg1 Qc5+ 29. Kf1 Qc6 30. Rd1 Rh6 31. Re1 Nd7 32. Bb4 Nc5 33. Bc2 Na4 34. Bb3 Nb6 35. Qd3 Nc4 36. Bxc4 Qxc4 37. Qxc4 bxc4 38. Kf2 a5 39. Bxa5 Ra6 40. Bc7 f6 41. g4 Kf7 42. Kf3 Ra2 43. Bb6 Rc2 44. Ba5 Rxh2 45. Rb1 Bc6 46. Rb8 Ra2 47. Bb4 Be8 48. g5 fxg5 49. Rb7+ Kg8 50. Bd6 h2 51. Rb1 Bh5+ 52. Kg3 Rd2 53. Bxe5 Bd1 54. Rxd1 Rxd1 55. Kxh2 Re1 56. Bd4 Rxe4 57. Kg3 Rf4 58. Be3 Rxf5 59. Kg4 g6 60. Bxg5 Kf7 61. Be3 Ke6 62. Bd4 Kd5 63. Kg3 Ke4 64. Kg2 Kd3 65. Kg3 Ra5 66. Kg4 Ra3 0-1